 Dungeon Crawl Stone Soup version 0.16.1-28-gcc2312f (webtiles) character file.

168 FlaggTheMystic the Vexing (level 5, 0/25 HPs)
             Began as a Spriggan Enchanter on June 4, 2015.
             Was an Initiate of Nemelex Xobeh.
             Succumbed to an adder's poison
             ... on level 3 of the Dungeon.
             The game lasted 00:18:27 (4185 turns).

FlaggTheMystic the Vexing (Spriggan Enchanter)      Turns: 4185, Time: 00:18:28

Health: 0/25       AC:  4    Str:  4    XL:     5   Next: 24%
Magic:  7/18       EV: 19    Int: 18    God:    Nemelex Xobeh [......]
Gold:   64         SH:  0    Dex: 16    Spells: 4 memorised, 3 levels left

rFire  . . .     SeeInvis +     a - +1 dagger
rCold  . . .     Clarity  .     b - +2 robe
rNeg   . . .     SustAb   .     (shield restricted)
rPois  .         Gourm    .     (helmet restricted)
rElec  .         Spirit   .     (no cloak)
rCorr  .         Warding  .     (gloves unavailable)
rMut   .         Stasis   .     (boots unavailable)
MR     .....                    (no amulet)
Stlth  +++.......               (no ring)
                                (no ring)

@: lethally poisoned (0 -> -4), very slightly contaminated, hasted, very quick,
not resistant to hostile enchantments, fairly stealthy
A: unfitting armour, see invisible, herbivore 3, speed 3, slow metabolism 2
a: Renounce Religion


You were on level 3 of the Dungeon.
You worshipped Nemelex Xobeh.
Nemelex Xobeh was noncommittal.
You were not hungry.

You visited 1 branch of the dungeon, and saw 3 of its levels.

You collected 64 gold pieces.

Inventory:

Hand weapons
 a - a +1 dagger (weapon)
 f - a +0 short sword
Armour
 b - a +2 robe (worn)
Jewellery
 e - an uncursed ring of wizardry {unknown}
Magical devices
 l - a wand of flame (15)
Scrolls
 m - a scroll of recharging
Books
 c - a book of Maledictions

   Spells                             Type                      Level
   a - Corona                         Hexes                        1
   b - Sure Blade                     Hexes/Charms                 2
   c - Ensorcelled Hibernation        Hexes/Ice                    2
   d - Confuse                        Hexes                        3
   e - Dazzling Spray                 Conjuration/Hexes            3
   f - Enslavement                    Hexes                        4
 i - a book of Enchantments

   Spells                             Type                      Level
   a - Tukima's Dance                 Hexes                        3
   b - Cause Fear                     Hexes                        4
   c - Silence                        Hexes/Air                    5
   d - Deflect Missiles               Charms/Air                   6
   e - Haste                          Charms                       6
   f - Discord                        Hexes                        8
Miscellaneous
 o - an ornate deck of war {drawn: 1}
Comestibles
 d - a bread ration
 h - a slice of pizza
 j - a meat ration


   Skills:
 + Level 1.0 Fighting
 + Level 1.4 Short Blades
 + Level 4.0 Dodging
 + Level 4.9 Stealth
 + Level 4.2 Spellcasting
 + Level 0.4 Conjurations
 + Level 5.0 Hexes
 + Level 0.4 Charms


You had 3 spell levels left.
You knew the following spells:

 Your Spells              Type           Power        Failure   Level  Hunger
a - Corona                Hex            ###....      1%          1    None
b - Sure Blade            Hex/Chrm       ##........   10%         2    ##.....
c - Tukima's Dance        Hex            ###.....     6%          3    ###....
d - Dazzling Spray        Conj/Hex       ##......     17%         3    ###....


Dungeon Overview and Level Annotations

Branches:
Dungeon (3/15)

Altars:
Nemelex Xobeh


Innate Abilities, Weirdness & Mutations

You are tiny and cannot use many weapons and most armour.
You have supernaturally acute eyesight.
You are a herbivore.
You cover ground extremely quickly.
You need consume almost no food.


Message History

You feel sick.
Drink which item? (? for menu, Esc to quit)
You feel yourself speed up.
* * * LOW HITPOINT WARNING * * *
You feel sick.
You are very lightly contaminated with residual magic.
Read which item? (? for menu, Esc to quit)
Okay, then.
A bat comes into view.
* * * LOW HITPOINT WARNING * * *
You feel sick.
There is a large open door here.
Casting: Dazzling Spray
Confirm with . or Enter, or press ? or * to list all spells.
Aiming: Corona
Press: ? - help, Shift-Dir - straight line, f - bat
Aim: a bat (chance 76%)
Okay, then.
You die...
Your body disappears without a glow.

.# ##........## .# #.##
##..........## .. ...#
##............## .##
...###..............##..#
.))##................##b#
..†#...............)..#.#
...#..................#.#
...#.......#..#.......#.#
.#.(...))...##..@...b.'.#
#(('..).....##(.......'.#
.#.#.......#..#.......#.#
#..#..................#.#
.#.#............^.....#.#
#..##................##.#
.#..##...)..........##..#
#.#..##...........[##..##
# #..##..........##..##


You could see a bat.

Vanquished Creatures
  7 adders
  3 worms
  4 giant geckos
  2 orcs (D:3)
  7 giant cockroaches
  8 hobgoblins
  4 jackals (D:3)
  A ball python (D:3)
  3 bats
  4 giant newts
  7 goblins
  5 kobolds
  8 rats
63 creatures vanquished.

Vanquished Creatures (collateral kills)
  4 gnolls (D:2)
  A kobold (D:2)
5 creatures vanquished.

Grand Total: 68 creatures vanquished

Notes
Turn   | Place    | Note
--------------------------------------------------------------
     0 | D:1      | FlaggTheMystic, the Spriggan Enchanter, began the quest for the Orb.
     0 | D:1      | Reached XP level 1. HP: 9/9 MP: 4/4
   723 | D:1      | Reached XP level 2. HP: 13/13 MP: 6/8
   742 | D:1      | Learned a level 2 spell: Sure Blade
  1688 | D:2      | Reached XP level 3. HP: 14/16 MP: 9/11
  1907 | D:2      | Learned a level 3 spell: Tukima's Dance
  1915 | D:2      | Learned a level 3 spell: Dazzling Spray
  1936 | D:2      | Found a sparkling altar of Nemelex Xobeh.
  1990 | D:2      | Became a worshipper of Nemelex Xobeh the Trickster
  2525 | D:2      | Reached XP level 4. HP: 21/21 MP: 6/14
  3327 | D:2      | Received a gift from Nemelex Xobeh
  3882 | D:3      | Reached XP level 5. HP: 21/25 MP: 2/18
  4147 | D:3      | Reached skill level 5 in Hexes
  4154 | D:3      | Reached skill level 1 in Fighting
  4177 | D:3      | HP: 1/25 [poisoned by an adder]
  4185 | D:3      | Succumbed to an adder's poison

Action                   |  1- 3 |  4- 6 || total
-------------------------+-------+-------++-------
Melee: Dagger            |   108 |   101 ||   209
 Cast: Corona            |    21 |    26 ||    47
       Sure Blade        |     6 |     4 ||    10
       Dazzling Spray    |     5 |    21 ||    26
Evoke: Deck              |       |     1 ||     1
  Use: Scroll            |     5 |     1 ||     6
       Potion            |     3 |     5 ||     8
 Stab: Invisible         |       |     1 ||     1
  Eat: Bread ration      |       |     1 ||     1
